 Dungeon Crawl Stone Soup version 0.20-a0-61-ga1b20b4 (webtiles) character file.

8495 FrankyJ the Fighter (level 11, -22/136 (139) HPs)
             Began as a Demonspawn Necromancer on Nov 18, 2016.
             Was a Priest of Sif Muna.
             Annihilated by a hill giant
             ... wielding a +0 giant club
              (35 damage)
             ... on level 11 of the Dungeon.
             The game lasted 00:48:47 (13636 turns).

FrankyJ the Fighter (Demonspawn Necromancer)       Turns: 13636, Time: 00:48:47

HP:   -22/136 (139) AC:  8    Str: 18    XL:     11   Next: 10%
MP:   0/25          EV: 12    Int: 16    God:    Sif Muna [***...]
Gold: 111           SH:  0    Dex: 13    Spells: 9 memorised, 2 levels left

rFire  . . .     SeeInvis +     O - +9 war axe of the Living Dead {freeze, -Tele MR++}
rCold  . . .     Gourm    .     T - +1 leather armour "Ameefeso" {rPois rN+}
rNeg   + . .     Faith    .     (no shield)
rPois  +         Spirit   +     P - +1 helmet
rElec  .         Reflect  .     q - +0 cloak
rCorr  .         Harm     .     D - +0 pair of gloves
MR     ++...     NoTele   +     (boots unavailable)
Stlth  ..........               (no amulet)
                                C - +4 ring of slaying
                                z - ring of see invisible

@: berserking, very quick
A: talons 3, nightstalker 2, magic shield
a: Divine Energy, Channel Magic, Renounce Religion


You were on level 11 of the Dungeon.
You worshipped Sif Muna.
Sif Muna was most pleased with you.
You were not hungry.

You visited 1 branch of the dungeon, and saw 11 of its levels.

You collected 693 gold pieces.
You spent 582 gold pieces at shops.

Inventory:

Hand Weapons
 r - a +4 dagger of flaming
 t - a +0 rapier
 O - the +9 war axe of the Living Dead (weapon) {freeze, -Tele MR++}
   (You found it on level 6 of the Dungeon)

   It has been specially enchanted to freeze those struck by it, causing extra
   injury to most foes and up to half again as much damage against particularly
   susceptible opponents.
   It can also slow down cold-blooded creatures.
   It affects your resistance to hostile enchantments.
   It prevents most forms of teleportation.
Missiles
 R - 6 silver javelins (quivered)
 Y - 7 tomahawks
Armour
 q - a +0 cloak (worn)
 D - a +0 pair of gloves (worn)
 P - a +1 helmet (worn)
 T - the +1 leather armour "Ameefeso" (worn) {rPois rN+}
   (You bought it in a shop on level 7 of the Dungeon)

   It protects you from poison.
   It protects you from negative energy.
Magical Staves
 J - an uncursed staff of conjuration
Jewellery
 e - a +3 ring of protection
 x - an uncursed ring of stealth
 z - a ring of see invisible (left hand)
 C - a +4 ring of slaying (right hand)
 I - an uncursed ring of magical power
 U - an uncursed ring of poison resistance
Wands
 g - a wand of disintegration (12/24)
 y - a wand of iceblast (4/15)
 B - a wand of slowing (15/48)
 K - a wand of teleportation (9/9)
 L - a wand of digging (11/24)
 M - a wand of polymorph (8/24)
Scrolls
 n - 2 scrolls of remove curse
 s - 3 scrolls of recharging
 w - 2 scrolls of teleportation
 G - 2 scrolls of identify
 S - a scroll of blinking
 V - a scroll of magic mapping
Potions
 h - a potion of magic
 i - 4 potions of curing
 k - a potion of haste
 l - 2 potions of agility
 p - a potion of cancellation
 u - 3 potions of mutation
 A - a potion of heal wounds
 N - 2 potions of ambrosia
 Q - a potion of might
 W - a potion of resistance
 Z - 2 potions of brilliance
Books
 b - a book of Necromancy

   Spells                             Type                      Level
   a - Pain                           Necromancy                   1
   b - Animate Skeleton               Necromancy                   1
   c - Vampiric Draining              Necromancy                   3
   d - Regeneration                   Charms/Necromancy            3
   e - Animate Dead                   Necromancy                   4
   f - Control Undead                 Necromancy                   4
 v - a book of Air

   Spells                             Type                      Level
   a - Shock                          Conjuration/Air              1
   b - Swiftness                      Charms/Air                   2
   c - Repel Missiles                 Charms/Air                   2
   d - Static Discharge               Conjuration/Air              3
   e - Lightning Bolt                 Conjuration/Air              5
 E - a Young Poisoner's Handbook

   Spells                             Type                      Level
   a - Sting                          Conjuration/Poison           1
   b - Mephitic Cloud                 Conjuration/Poison/Air       3
   c - Olgreb's Toxic Radiance        Poison                       4
   d - Alistair's Intoxication        Transmutation/Poison         5
   e - Venom Bolt                     Conjuration/Poison           5
 H - a book of Ice

   Spells                             Type                      Level
   a - Ice Form                       Ice/Transmutation            4
   b - Metabolic Englaciation         Hexes/Ice                    5
   c - Ozocubu's Refrigeration        Ice                          6
   d - Bolt of Cold                   Conjuration/Ice              6
   e - Freezing Cloud                 Conjuration/Ice/Air          6
   f - Simulacrum                     Ice/Necromancy               6
Comestibles
 a - a slice of pizza
 c - 10 bread rations
 d - a royal jelly
 f - 3 chunks of flesh
 m - 7 meat rations
 o - 8 fruits
 X - a beef jerky


   Skills:
 - Level 11.0 Fighting
 - Level 3.3 Short Blades
 + Level 2.5 Axes
 - Level 2.0 Dodging
 - Level 2.3 Stealth
 - Level 10.4 Spellcasting
 + Level 2.8 Conjurations
 - Level 5.0 Necromancy
 + Level 2.6 Poison Magic


You had 2 spell levels left.
You knew the following spells:

 Your Spells              Type           Power        Failure   Level  Hunger
a - Pain                  Necr           ###.         1%          1    None
b - Vampiric Draining     Necr           ###.......   4%          3    None
c - Control Undead        Necr           ###.......   14%         4    ###....
d - Animate Dead          Necr           N/A          14%         4    ###....
e - Regeneration          Chrm/Necr      ###.......   12%         3    None
f - Static Discharge      Conj/Air       ##......     17%         3    None
g - Venom Bolt            Conj/Pois      ###.......   90%         5    #####..
h - Olgreb's Toxic Radia  Pois           ###.....     38%         4    ###....
i - Sting                 Conj/Pois      ###.         4%          1    None


Dungeon Overview and Level Annotations

Branches:
Dungeon (11/15)            Temple (0/1) D:5            Lair (0/6) D:9
    Orc (0/2) D:10

Altars:
Ashenzari
Fedhas
Hepliaklqana
Ru
Sif Muna
Uskayaw
Vehumet
Yredelemnul
Beogh

Shops:
D:7 [   D:9 :

Annotations:
D:4 1 runed door


Innate Abilities, Weirdness & Mutations

You have claws for feet.
You are significantly more attuned to the shadows.
When hurt, damage is shared between your health and your magic reserves.


Message History

The hill giant hits you with a giant club.
* * * LOW HITPOINT WARNING * * *
You slash the hill giant! You freeze the hill giant.
The hill giant is severely wounded.
You slash the yak! You freeze the yak. You slash the yak! You freeze the yak.
You kill the yak!
Sif Muna accepts your kill.
You hit the yak. You freeze the yak. The yak gores you.
* * * LOW HITPOINT WARNING * * *
The yak gores you but does no damage.
You slash the hill giant! You freeze the hill giant.
The hill giant is almost dead.
You slash the yak! You freeze the yak. You closely miss the yak.
You hit the yak. You freeze the yak.
You kill the yak!
Sif Muna accepts your kill. The yak gores you but does no damage.
The yak gores you!
* * * LOW HITPOINT WARNING * * *
The hill giant hits you with a giant club!!!
You die...

.......................########
#+#########'#............†....#
......#.................#
......#.................#
(.....#.................#
......#.................#
......+.....)...........# #
#.#..Y..............# #
.##.##.Y@.############# #
.....#.C..# # .....)....# #
.###.#....# # #####....# #....#
#....# #....# ....#


You could see a hill giant and 2 yaks.

Vanquished Creatures
  Erica (D:8)
  Pikel (D:7)
  A hill giant (D:9)
  Maurice (D:8)
  A hornet (D:10)
  A two-headed ogre (D:9)
  A hippogriff (D:10)
  A vampire (D:9)
  3 yaks (D:11)
  A wyvern (D:9)
  A spriggan (D:7)
  Sigmund (D:4)
  3 hungry ghosts
  Menkaure (D:5)
  A porcupine (D:9)
  3 phantoms
  2 sky beasts
  3 orc warriors
  4 ogres
  3 ice beasts
  3 necrophages
  3 centaurs
  A big kobold (D:6)
  Blork the orc (D:6)
  7 bullfrogs
  2 scorpions (D:9)
  12 killer bees
  5 wights
  5 howler monkeys
  A crimson imp (D:7)
  A bullfrog zombie (D:7)
  2 jellies
  A quasit (D:10)
  A bullfrog skeleton (D:9)
  8 orc wizards
  A gnoll shaman (D:10)
  2 hounds (D:7)
  3 orc priests
  2 centaur skeletons
  Jessica (D:2)
  2 iguanas (D:5)
  8 worker ants
  2 hound skeletons
  A howler monkey zombie (D:7)
  A worker ant zombie (D:9)
  8 gnolls
  11 adders
  A shadow imp (D:6)
  2 oozes (D:5)
  2 adder skeletons
  An adder zombie (D:6)
  A worm (D:2)
  2 dart slugs
  5 leopard geckos
  18 orcs
  A ball python (D:3)
  5 giant cockroaches
  4 hobgoblins
  7 jackals
  6 quokkas
  13 bats
  10 frilled lizards
  7 goblins
  A jackal zombie (D:5)
  7 kobolds
  A leopard gecko skeleton (D:6)
  A leopard gecko zombie (D:7)
  2 quokka skeletons
  A quokka zombie (D:8)
  6 rats
  2 fungi (D:9)
  A plant (D:9)
236 creatures vanquished.

Vanquished Creatures (collateral kills)
  An ogre (D:11)
  3 wights
  4 gnolls
8 creatures vanquished.

Vanquished Creatures (others)
  3 slaves (D:8)
  A centaur (D:8)
  An orc priest (D:8)
  An orc wizard (D:8)
  2 orcs (D:8)
  A fungus (D:9)
9 creatures vanquished.

Grand Total: 253 creatures vanquished

Notes
Turn   | Place    | Note
-------+----------+-------------------------------------------
     0 | D:1      | FrankyJ the Demonspawn Necromancer began the quest for the Orb.
     0 | D:1      | Reached XP level 1. HP: 13/13 MP: 3/3
   381 | D:1      | Gained mutation: You are slightly more attuned to the shadows. [demonic ancestry]
   381 | D:1      | Reached XP level 2. HP: 19/19 MP: 3/5
  1117 | D:2      | Reached skill level 5 in Necromancy
  1119 | D:2      | Reached XP level 3. HP: 22/24 MP: 6/6
  1523 | D:2      | Found a blossoming altar of Fedhas.
  1534 | D:2      | Reached skill level 1 in Short Blades
  1679 | D:2      | Reached skill level 1 in Fighting
  1710 | D:2      | Found a deep blue altar of Sif Muna.
  1720 | D:2      | Became a worshipper of Sif Muna the Loreminder
  1758 | D:2      | Noticed Jessica
  1770 | D:2      | Killed Jessica
  1770 | D:2      | Reached XP level 4. HP: 14/32 MP: 2/7
  2361 | D:3      | Learned a level 3 spell: Vampiric Draining
  3215 | D:4      | Reached skill level 2 in Fighting
  3215 | D:4      | Gained mutation: You have sharp toenails. [demonic ancestry]
  3215 | D:4      | Reached XP level 5. HP: 38/38 MP: 9/9
  3584 | D:4      | Noticed Sigmund
  3590 | D:4      | Killed Sigmund
  3590 | D:4      | Reached XP level 6. HP: 40/46 MP: 6/11
  3842 | D:4      | Reached skill level 3 in Fighting
  4479 | D:4      | Found a runed door.
  4605 | D:5      | Entered Level 5 of the Dungeon
  4847 | D:5      | Found a staircase to the Ecumenical Temple.
  4950 | D:5      | Noticed Menkaure
  4956 | D:5      | Killed Menkaure
  4956 | D:5      | Gained mutation: When hurt, damage is shared between your health and your magic reserves. [demonic ancestry]
  4956 | D:5      | Reached XP level 7. HP: 53/53 MP: 13/13
  5420 | D:5      | Reached skill level 4 in Fighting
  5666 | D:6      | Found a shattered altar of Ashenzari.
  5898 | D:6      | Reached skill level 5 in Spellcasting
  6040 | D:6      | Noticed Blork the orc
  6052 | D:6      | Killed Blork the orc
  6052 | D:6      | Reached skill level 5 in Fighting
  6064 | D:6      | Got an iridescent war axe
  6261 | D:6      | Reached * piety under Sif Muna
  6261 | D:6      | Reached XP level 8. HP: 47/63 MP: 11/16
  6645 | D:6      | Reached skill level 6 in Fighting
  6740 | D:6      | Learned a level 4 spell: Control Undead
  6922 | D:6      | Found a hide-covered altar of Uskayaw.
  6922 | D:6      | Found a sacrificial altar of Ru.
  7048 | D:6      | Identified the +9 war axe of the Living Dead {freeze, -Tele MR++} (You found it on level 6 of the Dungeon)
  7868 | D:7      | Reached skill level 7 in Fighting
  8115 | D:7      | Gained mutation: You are significantly more attuned to the shadows. [demonic ancestry]
  8115 | D:7      | Reached XP level 9. HP: 35/72 MP: 9/19
  8372 | D:7      | Reached ** piety under Sif Muna
  8778 | D:7      | Reached skill level 8 in Fighting
  8971 | D:7      | Found a basalt altar of Yredelemnul.
  8972 | D:7      | Found a hazy altar of Hepliaklqana.
  9217 | D:7      | Found Ymafeuh's Antique Armour Shoppe.
  9220 | D:7      | Bought a fine leather armour for 182 gold pieces
  9230 | D:7      | Identified the +1 leather armour "Ameefeso" {rPois rN+} (You bought it in a shop on level 7 of the Dungeon)
  9266 | D:7      | Learned a level 4 spell: Animate Dead
  9270 | D:7      | Learned a level 3 spell: Regeneration
  9278 | D:7      | Learned a level 3 spell: Static Discharge
  9377 | D:8      | Noticed Pikel
  9418 | D:7      | Killed Pikel
  9418 | D:7      | Reached skill level 9 in Fighting
  9448 | D:8      | Noticed Maurice
  9536 | D:8      | Killed Maurice
  9536 | D:8      | Gained mutation: You have razor-sharp toenails. [demonic ancestry]
  9536 | D:8      | Reached XP level 10. HP: 55/83 MP: 17/23
  9778 | D:8      | Noticed Erica
  9787 | D:8      | Killed Erica
 10275 | D:8      | Found a radiant altar of Vehumet.
 10307 | D:8      | Reached skill level 10 in Fighting
 10489 | D:9      | Got a spiked chain mail
 10636 | D:9      | Reached skill level 10 in Spellcasting
 10693 | D:9      | Gained mutation: You have claws for feet. [potion of beneficial mutation]
 10774 | D:9      | Found a staircase to the Lair.
 10777 | D:9      | Reached *** piety under Sif Muna
 11012 | D:9      | Noticed a hill giant
 11022 | D:9      | Killed a hill giant
 11390 | D:9      | Found Baabrass's Book Boutique.
 11396 | D:9      | Bought a Young Poisoner's Handbook for 400 gold pieces
 11402 | D:9      | Learned a level 5 spell: Venom Bolt
 11805 | D:10     | Entered Level 10 of the Dungeon
 11881 | D:9      | Reached skill level 1 in Conjurations
 11881 | D:9      | Reached skill level 1 in Poison Magic
 12060 | D:10     | Reached skill level 1 in Axes
 12310 | D:10     | Found a staircase to the Orcish Mines.
 12390 | D:10     | Reached skill level 11 in Fighting
 12636 | D:10     | Reached XP level 11. HP: 86/93 MP: 9/25
 12666 | D:10     | Found a roughly hewn altar of Beogh.
 12864 | D:9      | Learned a level 4 spell: Olgreb's Toxic Radiance
 13129 | D:10     | Learned a level 1 spell: Sting
 13627 | D:11     | Noticed a hill giant
 13636 | D:11     | Annihilated by a hill giant

Vault maps used:
D:1:      eino_arrival_tree_alley
D:2:      led_sif_pool, fedhas_altar_fruit_tree, uniq_jessica
D:3:      first_bread, roderic_serpentine_path, nrook_loot_triangle
D:4:      uniq_sigmund, uniq_crazy_yiuf_cottage
D:5:      minivault_1, grunt_ministairs_3, uniq_menkaure
D:6:      lemuel_doored_altar, gammafunk_temple_overflow_elements,
          grunt_ministairs_12, uniq_blork_the_orc
D:7:      gammafunk_temple_overflow_statue, serial_shops, kennysheep_mini_moat,
          the_bakery
D:8:      lemuel_round_altar, minmay_misc_feat_five, hex_medium,
          patterned_corridor, uniq_maurice, uniq_pikel, uniq_erica
D:9:      grunt_lair_entry_orc_guard_hut, serial_shops,
          nicolae_shop_temple_entry_statues_fountains
D:10:     minmay_orc_entry_temple_small

Skill      XL: |  1  2  3  4  5  6  7  8  9 10 11 |
---------------+----------------------------------+-----
Dodging        | 2 |  2.0
Necromancy     | 5 |  5.0
Stealth        | 2 |  2.3
Short Blades   | 1 2 3 |  3.3
Fighting       | 1 2 3 5 7 9 11 | 11.0
Spellcasting   | 3 4 5 7 9 10 | 10.4
Conjurations   | 2 |  2.8
Poison Magic   | 2 |  2.6
Axes           | 1 2 |  2.5

Action                   |  1- 3 |  4- 6 |  7- 9 | 10-12 || total
-------------------------+-------+-------+-------+-------++-------
Melee: Dagger            |    56 |    72 |    89 |       ||   217
       Kick              |       |     6 |    46 |    37 ||    89
       War axe           |       |       |   119 |   147 ||   266
 Cast: Pain              |    38 |    33 |    41 |    29 ||   141
       Vampiric Draining |       |     3 |     2 |     7 ||    12
       Control Undead    |       |       |    11 |    35 ||    46
       Regeneration      |       |       |       |     3 ||     3
       Sting             |       |       |       |     8 ||     8
       Animate Dead      |       |       |       |     1 ||     1
  Use: Scroll            |     8 |       |     4 |    17 ||    29
       Potion            |       |       |     3 |     2 ||     5
 Stab: Sleeping          |     6 |    12 |    12 |     7 ||    37
  Eat: Chunk             |     3 |     7 |    10 |    13 ||    33
       Beef jerky        |       |     1 |       |     1 ||     2
       Meat ration       |       |       |     2 |       ||     2
       Fruit             |       |       |     4 |     1 ||     5
Armor: Robe              |    19 |    29 |    62 |       ||   110
       Leather armour    |       |       |     7 |    53 ||    60
Dodge: Dodged            |    53 |    61 |   109 |   120 ||   343
